[Event "FIDE WYCC Girls U14 2023"]
[Site "Montesilvano"]
[Date "2023.11.21"]
[Round "8.19"]
[White "Avetisyan, Ani"]
[Black "Namala, Dhanvi"]
[Result "1-0"]
[ECO "D31"]
[WhiteElo "1770"]
[BlackElo "1388"]
[Annotator "NA RC"]
[PlyCount "73"]
[EventDate "2023.11.13"]
[EventType "swiss"]
[EventCountry "ITA"]
[SourceTitle "playchess.com"]
[Source "ChessBase"]
[SourceQuality "1"]
[TimeControl "40/5400+30:1800+30"]

1. d4 d5 2. c4 e6 3. Nc3 c6 4. e4 dxe4 5. Nxe4 Bb4+ 6. Bd2 Qxd4 7. Bxb4 Qxe4+ 8. Be2 Na6 9. Bd6 Bd7 10. Nf3 Ne7 11. O-O Qf5 12. Qb3 b6 13. Rad1 Nc8 14. Bg3 Nc5 15. Qe3 a5 16. Ne5 Ra7 17. Rd4 O-O 18. Rfd1 Be8 19. Rf4 Qg5 20. Rxf7 Qxe3 21. Rxf8+ Kxf8 22. fxe3 Ne7 23. Bf3 Nf5 24. Bf4 Ne7 25. Rd8 Nb7 26. Rb8 Nd6 27. Nxc6 Rd7 28. Nxe7 Kxe7 29. Bc6 Rc7 30. Bxe8 Nxe8 31. Rxe8+ Kxe8 32. Bxc7 Kd7 33. Bxb6 a4 34. b3 axb3 35. axb3 Kc6 36. Bd4 g6 37. b4 1-0

[Event "FIDE WYCC Girls U14 2023"]
[Site "Montesilvano"]
[Date "2023.11.21"]
[Round "8.20"]
[White "Valente, Sofia"]
[Black "Romany, Joy"]
[Result "0-1"]
[ECO "D10"]
[WhiteElo "1604"]
[BlackElo "1764"]
[Annotator "NA RC"]
[PlyCount "174"]
[EventDate "2023.11.13"]
[EventType "swiss"]
[EventCountry "ITA"]
[SourceTitle "playchess.com"]
[Source "ChessBase"]
[SourceQuality "1"]
[TimeControl "40/5400+30:1800+30"]

1. d4 d5 2. c4 c6 3. Nc3 dxc4 4. a4 Nf6 5. e3 Bf5 6. Bxc4 e6 7. Nf3 Nbd7 8. O-O Bg6 9. Qe2 Bb4 10. Bd2 O-O 11. Ne5 c5 12. Nxg6 hxg6 13. dxc5 Bxc5 14. Rab1 Qe7 15. Rfd1 Ne5 16. Be1 Nxc4 17. Qxc4 Rac8 18. Qh4 Rfd8 19. Rxd8+ Rxd8 20. b4 Bd6 21. Ne4 Nxe4 22. Qxe4 Bb8 23. f3 Qd7 24. b5 Bd6 25. Rc1 Ba3 26. Rb1 Bc5 27. Bf2 b6 28. Qc2 Qd2 29. Qxd2 Rxd2 30. Kf1 Ra2 31. Rb3 Rxa4 32. Rb2 Kf8 33. Ke2 Ke7 34. Bg3 Bd6 35. Rd2 Bxg3 36. hxg3 Ra5 37. Rb2 Kd6 38. Rd2+ Kc7 39. Rb2 Ra3 40. e4 Rc3 41. Kd2 Rc5 42. Kd3 e5 43. f4 f6 44. Ke2 Rc3 45. Kf2 Kb7 46. Rd2 Kc7 47. Ra2 Kb7 48. Rd2 exf4 49. gxf4 Rc5 50. Rd7+ Rc7 51. Rd5 a6 52. bxa6+ Kxa6 53. e5 Kb7 54. Ke3 Kc6 55. Rd1 Rd7 56. Rc1+ Kd5 57. Rd1+ Ke6 58. Rb1 Rb7 59. Ke4 b5 60. Rb4 fxe5 61. fxe5 g5 62. g4 Rb8 63. Rd4 b4 64. Rd6+ Ke7 65. Kf5 b3 66. Rd1 b2 67. Rb1 Rb7 68. Kxg5 Ke6 69. Kf4 Rb4+ 70. Ke3 Kxe5 71. Kd3 Kf4 72. Kc2 Kxg4 73. Rg1+ Kf4 74. Kb1 g5 75. Rf1+ Kg4 76. Rg1+ Kf4 77. Rf1+ Ke3 78. Rf8 g4 79. Rg8 Kf2 80. Rf8+ Kg2 81. Rg8 g3 82. Rg7 Kf2 83. Rf7+ Kg1 84. Rg7 g2 85. Rg8 Kf2 86. Rf8+ Kg3 87. Rg8+ Rg4 0-1

[Event "FIDE WYCC Girls U14 2023"]
[Site "Montesilvano"]
[Date "2023.11.21"]
[Round "8.21"]
[White "Cutiyog, Jirah Floravie"]
[Black "Derlich, Sarah Sima"]
[Result "0-1"]
[ECO "B12"]
[WhiteElo "1305"]
[BlackElo "1745"]
[Annotator "NA RC"]
[PlyCount "62"]
[EventDate "2023.11.13"]
[EventType "swiss"]
[EventCountry "ITA"]
[SourceTitle "playchess.com"]
[Source "ChessBase"]
[SourceQuality "1"]
[TimeControl "40/5400+30:1800+30"]

1. e4 c6 2. d4 d5 3. e5 c5 4. dxc5 e6 5. b4 a5 6. c3 axb4 7. cxb4 b6 8. Bb5+ Bd7 9. Bxd7+ Nxd7 10. Nf3 bxc5 11. bxc5 Bxc5 12. O-O Ne7 13. Qe2 Nf5 14. Nbd2 O-O 15. Nb3 Qc7 16. g4 Ne7 17. Be3 Bxe3 18. Qxe3 Ng6 19. Rfc1 Qb8 20. Re1 Rc8 21. Nbd4 Rc4 22. Rab1 Qc7 23. Rb2 Ndxe5 24. Nxe5 Qxe5 25. Reb1 Qxd4 26. Rb8+ Rxb8 27. Rxb8+ Nf8 28. Qa3 Qd1+ 29. Kg2 Rxg4+ 30. Kh3 h5 31. Rxf8+ Kh7 0-1

[Event "FIDE WYCC Girls U14 2023"]
[Site "Montesilvano"]
[Date "2023.11.21"]
[Round "8.22"]
[White "Petergova, Stella"]
[Black "Stefan, Iulia-Cristiana"]
[Result "1/2-1/2"]
[ECO "C44"]
[WhiteElo "1191"]
[BlackElo "1748"]
[Annotator "NA RC"]
[PlyCount "77"]
[EventDate "2023.11.13"]
[EventType "swiss"]
[EventCountry "ITA"]
[SourceTitle "playchess.com"]
[Source "ChessBase"]
[SourceQuality "1"]
[TimeControl "40/5400+30:1800+30"]

1. e4 e5 2. Nf3 Nc6 3. d4 exd4 4. Nxd4 Bb4+ 5. c3 Bc5 6. Be3 Bb6 7. Nxc6 bxc6 8. Qf3 Qe7 9. Bd3 Bxe3 10. Qxe3 Nf6 11. O-O d6 12. Re1 Ng4 13. Qg3 O-O 14. Nd2 Ne5 15. Bf1 Rb8 16. b3 c5 17. Nc4 Nxc4 18. Bxc4 Be6 19. Bd5 Qd7 20. c4 Rfe8 21. Bxe6 Qxe6 22. f3 a5 23. Qf2 a4 24. Qc2 Rb4 25. Reb1 Reb8 26. bxa4 Qe5 27. a3 Qd4+ 28. Kf1 Rb2 29. Rxb2 Rxb2 30. Rb1 Rxb1+ 31. Qxb1 Qxc4+ 32. Kf2 g6 33. Qb8+ Kg7 34. Qxc7 Qd4+ 35. Kg3 Qe5+ 36. Kf2 Qd4+ 37. Kg3 Qxa4 38. Qxd6 Qxa3 39. Qe5+ 1/2-1/2

[Event "FIDE WYCC Girls U14 2023"]
[Site "Montesilvano"]
[Date "2023.11.21"]
[Round "8.23"]
[White "Aswinika Mani R"]
[Black "Caku, Kler"]
[Result "1-0"]
[ECO "C54"]
[WhiteElo "1472"]
[BlackElo "1740"]
[Annotator "NA RC"]
[PlyCount "69"]
[EventDate "2023.11.13"]
[EventType "swiss"]
[EventCountry "ITA"]
[SourceTitle "playchess.com"]
[Source "ChessBase"]
[SourceQuality "1"]
[TimeControl "40/5400+30:1800+30"]

1. e4 e5 2. Nf3 Nc6 3. Bc4 Bc5 4. c3 Nf6 5. d3 h6 6. b4 Bb6 7. a4 a6 8. a5 Ba7 9. O-O d6 10. Be3 O-O 11. Bxa7 Rxa7 12. h3 Ne7 13. Re1 Ng6 14. d4 Qe7 15. Nbd2 Nf4 16. Nf1 Kh8 17. Ng3 Rg8 18. Nf5 Bxf5 19. exf5 e4 20. g3 Nxh3+ 21. Kg2 Ng4 22. Ne5 dxe5 23. Qxg4 Ng5 24. dxe5 Qxe5 25. Qxg5 Qxc3 26. Qe3 Qxe3 27. Rxe3 Re8 28. Bxf7 Re5 29. Bg6 Ra8 30. Rae1 b6 31. Rxe4 Rxe4 32. Rxe4 Kg8 33. Re8+ Rxe8 34. Bxe8 Kf8 35. b5 1-0

[Event "FIDE WYCC Girls U14 2023"]
[Site "Montesilvano"]
[Date "2023.11.21"]
[Round "8.24"]
[White "Arzur, Maia"]
[Black "Kazhiakhmetova, Yerkenaz"]
[Result "1/2-1/2"]
[ECO "B03"]
[WhiteElo "1997"]
[BlackElo "1218"]
[Annotator "NA RC"]
[PlyCount "106"]
[EventDate "2023.11.13"]
[EventType "swiss"]
[EventCountry "ITA"]
[SourceTitle "playchess.com"]
[Source "ChessBase"]
[SourceQuality "1"]
[TimeControl "40/5400+30:1800+30"]

1. e4 Nf6 2. e5 Nd5 3. d4 d6 4. c4 Nb6 5. exd6 exd6 6. h3 Be7 7. Nf3 Bf5 8. Be2 O-O 9. O-O Nc6 10. Nc3 Bf6 11. b3 h6 12. Bf4 Re8 13. Rc1 a6 14. a3 Be4 15. Nxe4 Rxe4 16. Be3 Qe8 17. Bd3 Rxe3 18. fxe3 Qxe3+ 19. Kh1 Nxd4 20. Re1 Qf2 21. Nxd4 Qxd4 22. Be4 c6 23. Qxd4 Bxd4 24. Rcd1 Bf2 25. Re2 Bg3 26. Rd3 Be5 27. c5 Nc8 28. Bf5 f6 29. Bxc8 Rxc8 30. cxd6 Rd8 31. d7 Kf7 32. Kg1 Ke7 33. Red2 c5 34. Re2 Rxd7 35. Rxd7+ Kxd7 36. Kf2 b5 37. Rc2 a5 38. Ke3 Bd4+ 39. Kd3 Kd6 40. Ke4 f5+ 41. Kxf5 Kd5 42. Kf4 c4 43. bxc4+ bxc4 44. Kf3 c3 45. Ke2 Kc4 46. a4 Kb3 47. Kd3 Bf6 48. g4 Kxa4 49. Kc4 Ka3 50. Re2 a4 51. Rc2 Be5 52. Re2 Bf6 53. Rc2 Be5 1/2-1/2

[Event "FIDE WYCC Girls U14 2023"]
[Site "Montesilvano"]
[Date "2023.11.21"]
[Round "8.25"]
[White "Toth, Lili"]
[Black "Wojs, Alicja"]
[Result "1/2-1/2"]
[ECO "D11"]
[WhiteElo "2199"]
[BlackElo "1630"]
[Annotator "RC"]
[PlyCount "89"]
[EventDate "2023.11.13"]
[EventType "swiss"]
[EventCountry "ITA"]
[SourceTitle "playchess.com"]
[Source "ChessBase"]
[SourceQuality "1"]
[TimeControl "40/5400+30:1800+30"]

1. d4 d5 2. c4 c6 3. Nf3 Nf6 4. e3 e6 5. Bd3 Nbd7 6. O-O Be7 7. Nc3 O-O 8. e4 dxe4 9. Nxe4 Nxe4 10. Bxe4 Nf6 11. Bc2 c5 12. Bg5 cxd4 13. Qd3 g6 14. Bh6 Re8 15. Ne5 Nd7 16. f4 Bf6 17. Qg3 Bg7 18. Bxg7 Kxg7 19. Ba4 Qe7 20. Rad1 Rd8 21. Rxd4 Nxe5 22. Rxd8 Qxd8 23. fxe5 Bd7 24. Bxd7 Qxd7 25. Qf2 Rc8 26. b3 b6 27. h4 h5 28. Qf6+ Kg8 29. Qf3 Rc7 30. Rd1 Qe7 31. Qf6 Rd7 32. Qxe7 Rxe7 33. Rd8+ Kg7 34. Kf2 f6 35. exf6+ Kxf6 36. Ke3 Ke5 37. Rg8 Kf5 38. b4 Rc7 39. Kd4 Rd7+ 40. Kc3 Rc7 41. a4 e5 42. a5 bxa5 43. bxa5 e4 44. Re8 Rc6 45. Rf8+ 1/2-1/2

[Event "FIDE WYCC Girls U14 2023"]
[Site "Montesilvano"]
[Date "2023.11.21"]
[Round "8.26"]
[White "Stoll, Lucia"]
[Black "Chasouraki, Chrysi"]
[Result "1-0"]
[ECO "B48"]
[WhiteElo "1887"]
[BlackElo "1559"]
[Annotator "NA RC"]
[PlyCount "67"]
[EventDate "2023.11.13"]
[EventType "swiss"]
[EventCountry "ITA"]
[SourceTitle "playchess.com"]
[Source "ChessBase"]
[SourceQuality "1"]
[TimeControl "40/5400+30:1800+30"]

1. e4 c5 2. Nf3 e6 3. d4 cxd4 4. Nxd4 Nc6 5. Nc3 Qc7 6. Be3 a6 7. g4 b5 8. Nxc6 Qxc6 9. Qd2 Nf6 10. f3 h6 11. O-O-O Bb7 12. h4 Rc8 13. Rg1 b4 14. Ne2 d5 15. e5 Nd7 16. f4 Nc5 17. Nd4 Qa4 18. Kb1 Ne4 19. Qd3 Bc5 20. f5 Qd7 21. Nb3 Be7 22. Bg2 exf5 23. gxf5 Qxf5 24. Bd4 Qh5 25. Na5 Ba8 26. Bh3 Rb8 27. Rxg7 Qxh4 28. e6 fxe6 29. Rg4 Qh5 30. Bxh8 Nf2 31. Qg3 Nxg4 32. Bxg4 Qg5 33. Qxb8+ Kf7 34. Rf1+ 1-0

[Event "FIDE WYCC Girls U14 2023"]
[Site "Montesilvano"]
[Date "2023.11.21"]
[Round "8.27"]
[White "Alemanova, Yasmina"]
[Black "Maklakova, Naomi"]
[Result "1-0"]
[ECO "D02"]
[WhiteElo "1570"]
[BlackElo "1873"]
[Annotator "NA RC"]
[PlyCount "79"]
[EventDate "2023.11.13"]
[EventType "swiss"]
[EventCountry "ITA"]
[SourceTitle "playchess.com"]
[Source "ChessBase"]
[SourceQuality "1"]
[TimeControl "40/5400+30:1800+30"]

1. d4 d5 2. Bf4 Nf6 3. Nf3 e6 4. e3 Bd6 5. Bg3 c5 6. c3 Qc7 7. Bd3 Nbd7 8. Nbd2 O-O 9. e4 dxe4 10. Nxe4 Nxe4 11. Bxe4 cxd4 12. Nxd4 Bxg3 13. hxg3 h6 14. Qe2 Nf6 15. Bc2 e5 16. Nb5 Qc5 17. O-O-O Be6 18. Nd6 Bxa2 19. Ne4 Nxe4 20. Qxe4 f5 21. Qxb7 Rab8 22. Qa6 Bc4 23. Qd6 Qb5 24. Qa3 Rf6 25. Ba4 Qb6 26. Rd2 e4 27. Rd4 Bf7 28. Rhd1 a5 29. R1d2 Kh7 30. Rd6 Rxd6 31. Qxd6 Qa7 32. Qe5 Rb7 33. Qxf5+ Bg6 34. Qc8 Rc7 35. Qd8 Re7 36. Bb3 Re8 37. Qd4 Qa6 38. Bc4 Qc6 39. g4 Qa4 40. Bg8+ 1-0

[Event "FIDE WYCC Girls U14 2023"]
[Site "Montesilvano"]
[Date "2023.11.21"]
[Round "8.28"]
[White "Zhang, Michelle"]
[Black "Balazs, Szabina Zoe"]
[Result "1-0"]
[ECO "B92"]
[WhiteElo "1833"]
[BlackElo "1552"]
[Annotator "NA RC"]
[PlyCount "71"]
[EventDate "2023.11.13"]
[EventType "swiss"]
[EventCountry "ITA"]
[SourceTitle "playchess.com"]
[Source "ChessBase"]
[SourceQuality "1"]
[TimeControl "40/5400+30:1800+30"]

1. e4 c5 2. Nf3 d6 3. d4 cxd4 4. Nxd4 Nf6 5. Nc3 a6 6. Be2 e5 7. Nb3 Be7 8. Be3 Nc6 9. O-O O-O 10. f4 Be6 11. f5 Bc8 12. Qe1 b5 13. a3 b4 14. axb4 Nxb4 15. Qd1 Bb7 16. Ra4 Nc6 17. g4 Ne8 18. Qd2 Nc7 19. g5 Na7 20. Na5 Bc6 21. Nxc6 Nxc6 22. Bc4 Kh8 23. Qg2 Nd4 24. Raa1 Rb8 25. g6 fxg6 26. fxg6 Rxb2 27. Qh3 Bh4 28. Rxf8+ Qxf8 29. Bxd4 Qf6 30. Qc8+ Qd8 31. Qxd8+ Bxd8 32. Rf1 Bf6 33. Be3 Rxc2 34. Rb1 Nb5 35. Nxb5 axb5 36. Rxb5 1-0

[Event "FIDE WYCC Girls U14 2023"]
[Site "Montesilvano"]
[Date "2023.11.21"]
[Round "8.29"]
[White "Zerarga, Imene"]
[Black "Stankovic, Andrea"]
[Result "1-0"]
[ECO "C02"]
[WhiteElo "1514"]
[BlackElo "1768"]
[Annotator "NA RC"]
[PlyCount "63"]
[EventDate "2023.11.13"]
[EventType "swiss"]
[EventCountry "ITA"]
[SourceTitle "playchess.com"]
[Source "ChessBase"]
[SourceQuality "1"]
[TimeControl "40/5400+30:1800+30"]

1. e4 e6 2. d4 d5 3. e5 c5 4. c3 Nc6 5. Nf3 Bd7 6. a3 Nge7 7. b4 cxd4 8. cxd4 Nf5 9. Bb2 Rc8 10. Nbd2 Be7 11. Nb3 b6 12. Rc1 O-O 13. Ba6 Rc7 14. Bd3 f6 15. Bxf5 exf5 16. O-O f4 17. Re1 fxe5 18. dxe5 Be6 19. Nbd4 Nxd4 20. Nxd4 Rxc1 21. Qxc1 Qd7 22. Qc6 Qxc6 23. Nxc6 Kf7 24. Nxa7 Bd7 25. Rc1 g5 26. Rc7 Ke6 27. Nc6 Bd8 28. Nd4+ Ke7 29. Ra7 Ke8 30. e6 Bc8 31. Nb5 Be7 32. Nc7+ 1-0

[Event "FIDE WYCC Girls U14 2023"]
[Site "Montesilvano"]
[Date "2023.11.21"]
[Round "8.30"]
[White "Zadrapova, Amalie"]
[Black "Poetscher, Katharina"]
[Result "1-0"]
[ECO "B28"]
[WhiteElo "1753"]
[BlackElo "1345"]
[Annotator "NA RC"]
[PlyCount "43"]
[EventDate "2023.11.13"]
[EventType "swiss"]
[EventCountry "ITA"]
[SourceTitle "playchess.com"]
[Source "ChessBase"]
[SourceQuality "1"]
[TimeControl "40/5400+30:1800+30"]

1. e4 c5 2. Nf3 a6 3. c3 d5 4. exd5 Qxd5 5. d4 Nf6 6. Nbd2 Nc6 7. dxc5 e5 8. b4 Bg4 9. Bc4 Qd7 10. Qb3 Be7 11. Bxf7+ Kf8 12. O-O Bxc5 13. Ng5 Bb6 14. h3 Be2 15. Re1 Bd3 16. Be6 Qc7 17. Ba3 Nd8 18. c4 e4 19. b5+ Ke8 20. Bf5 Qf4 21. Ngxe4 Bxe4 22. Nxe4 1-0

[Event "FIDE WYCC Girls U14 2023"]
[Site "Montesilvano"]
[Date "2023.11.21"]
[Round "8.31"]
[White "Andries, Alexia"]
[Black "Hong, Jueun"]
[Result "1/2-1/2"]
[ECO "E43"]
[WhiteElo "1750"]
[BlackElo "1299"]
[Annotator "NA RC"]
[PlyCount "81"]
[EventDate "2023.11.13"]
[EventType "swiss"]
[EventCountry "ITA"]
[SourceTitle "playchess.com"]
[Source "ChessBase"]
[SourceQuality "1"]
[TimeControl "40/5400+30:1800+30"]

1. d4 Nf6 2. c4 e6 3. Nc3 Bb4 4. e3 b6 5. Bd3 Bb7 6. Nf3 O-O 7. O-O Bxc3 8. bxc3 c5 9. a4 Nc6 10. e4 Ne7 11. e5 Ne4 12. Qc2 f5 13. a5 d5 14. Ng5 Nxg5 15. Bxg5 h6 16. Bxe7 Qxe7 17. Qb2 Qc7 18. cxd5 Bxd5 19. Rfb1 Rfb8 20. Qa3 c4 21. Be2 b5 22. a6 Be4 23. Rb4 Rb6 24. f3 Bc2 25. Qb2 Ba4 26. Bxc4 Qc6 27. Bb3 Rxa6 28. Bxa4 bxa4 29. Qa3 Rc8 30. Rc1 Rc7 31. c4 Rb7 32. Rcb1 Rab6 33. h4 Rxb4 34. Rxb4 Rxb4 35. Qxb4 Qa6 36. h5 Qb6 37. Qxa4 Qxd4+ 38. Kf1 Qd3+ 39. Kf2 Qd2+ 40. Kf1 Qd3+ 41. Kf2 1/2-1/2

[Event "FIDE WYCC Girls U14 2023"]
[Site "Montesilvano"]
[Date "2023.11.21"]
[Round "8.32"]
[White "Qi, Jenny"]
[Black "Wang, Yushin Andrea"]
[Result "1-0"]
[ECO "C65"]
[WhiteElo "1737"]
[BlackElo "1186"]
[Annotator "NA RC"]
[PlyCount "141"]
[EventDate "2023.11.13"]
[EventType "swiss"]
[EventCountry "ITA"]
[SourceTitle "playchess.com"]
[Source "ChessBase"]
[SourceQuality "1"]
[TimeControl "40/5400+30:1800+30"]

1. e4 e5 2. Nf3 Nc6 3. Bb5 Nf6 4. d3 Bc5 5. c3 d5 6. Nxe5 O-O 7. Nxc6 bxc6 8. Bxc6 Bxf2+ 9. Kxf2 Ng4+ 10. Ke1 Qf6 11. Qe2 Qxc6 12. h3 Nf6 13. e5 Re8 14. Bf4 Nd7 15. d4 Ba6 16. Qe3 Qg6 17. Rg1 Qc2 18. Qd2 Qe4+ 19. Qe3 Qc2 20. Qd2 Qe4+ 21. Kd1 Nb6 22. b3 Rab8 23. Qe3 Qxe3 24. Bxe3 Nd7 25. Bf4 Rbc8 26. Nd2 c5 27. Nf3 cxd4 28. cxd4 f6 29. Rc1 Rxc1+ 30. Kxc1 fxe5 31. dxe5 Nc5 32. Ne1 Nd3+ 33. Nxd3 Bxd3 34. Kd2 Be4 35. Ke3 Rc8 36. Kd4 Rc2 37. e6 Rxg2 38. Rc1 Rc2 39. Rxc2 Bxc2 40. Kxd5 Kf8 41. Kd6 Ke8 42. Be3 a6 43. h4 g6 44. Bc5 Bb1 45. a3 Bc2 46. b4 Ba4 47. Kc7 Bb5 48. Kb6 Kd8 49. e7+ Kd7 50. a4 Bc4 51. b5 axb5 52. axb5 h6 53. Ka5 g5 54. h5 g4 55. b6 Bd5 56. Ka6 g3 57. b7 Bxb7+ 58. Kxb7 g2 59. Kb6 g1=Q 60. Bxg1 Kxe7 61. Be3 Kf7 62. Bxh6 Kg8 63. Be3 Kh7 64. h6 Kg6 65. Kc6 Kh7 66. Kd6 Kg6 67. Ke6 Kh7 68. Kf6 Kh8 69. Kg6 Kg8 70. h7+ Kh8 71. Bd4# 1-0

[Event "FIDE WYCC Girls U14 2023"]
[Site "Montesilvano"]
[Date "2023.11.21"]
[Round "8.33"]
[White "Huseynova, Lala"]
[Black "Michalska, Lena"]
[Result "1-0"]
[ECO "B06"]
[WhiteElo "1867"]
[BlackElo "1640"]
[Annotator "NA RC"]
[PlyCount "83"]
[EventDate "2023.11.13"]
[EventType "swiss"]
[EventCountry "ITA"]
[SourceTitle "playchess.com"]
[Source "ChessBase"]
[SourceQuality "1"]
[TimeControl "40/5400+30:1800+30"]

1. e4 g6 2. d4 Bg7 3. Nc3 a6 4. a4 b6 5. g4 Bb7 6. Bg2 d6 7. h4 h6 8. Be3 Nd7 9. Nge2 c5 10. Ng3 Ngf6 11. g5 hxg5 12. hxg5 Rxh1+ 13. Bxh1 Ng4 14. Bc1 cxd4 15. Nce2 Qc7 16. Bg2 Qc5 17. Nf4 Nge5 18. Nge2 Ng4 19. Nd3 Qc7 20. Bf4 Nc5 21. Ng3 Ne5 22. Qe2 Qd7 23. Bxe5 Nxd3+ 24. Qxd3 Bxe5 25. Bf3 Qh3 26. Ne2 Qh4 27. Nxd4 Qxg5 28. Ke2 Qf6 29. c3 Qf4 30. a5 b5 31. Nxb5 Rc8 32. Na3 f5 33. exf5 Bxf3+ 34. Qxf3 Qxf3+ 35. Kxf3 gxf5 36. Nc2 Kd7 37. Nb4 Ra8 38. Ke3 e6 39. Rh1 Bf6 40. Rh7+ Be7 41. Kd4 Rb8 42. Rxe7+ 1-0

[Event "FIDE WYCC Girls U14 2023"]
[Site "Montesilvano"]
[Date "2023.11.21"]
[Round "8.34"]
[White "Mrad, Anahid"]
[Black "Trunz, Tamila"]
[Result "0-1"]
[ECO "B40"]
[WhiteElo "1378"]
[BlackElo "1732"]
[Annotator "NA RC"]
[PlyCount "88"]
[EventDate "2023.11.13"]
[EventType "swiss"]
[EventCountry "ITA"]
[SourceTitle "playchess.com"]
[Source "ChessBase"]
[SourceQuality "1"]
[TimeControl "40/5400+30:1800+30"]

1. e4 c5 2. Nf3 e6 3. d4 cxd4 4. Nxd4 Nf6 5. Nc3 Nc6 6. Ndb5 Bc5 7. Bf4 O-O 8. Bc7 Qe7 9. Bd6 Bxd6 10. Qxd6 Qd8 11. O-O-O a6 12. Nd4 Nxd4 13. Qxd4 b5 14. e5 Ne8 15. Bd3 Rb8 16. a3 f5 17. h4 Qe7 18. Na2 d6 19. g4 Bb7 20. Rh3 dxe5 21. Qxe5 fxg4 22. Re3 Nf6 23. Bf5 Rfe8 24. Bxe6+ Kh8 25. h5 h6 26. Qf5 Be4 27. Rxe4 Nxe4 28. Bf7 Rf8 29. Rd7 Qg5+ 30. Qxg5 Nxg5 31. Bg6 Rxf2 32. Nc3 g3 33. Rd1 g2 34. Bd3 Nh3 35. Ne2 Rf1 36. Bf5 Rxf5 37. b3 Rf1 38. c4 Rd8 39. Kc2 Rfxd1 40. Kc3 R1d2 41. Kb4 Rxe2 42. Ka5 bxc4 43. bxc4 Rb2 44. a4 g1=Q 0-1

[Event "FIDE WYCC Girls U14 2023"]
[Site "Montesilvano"]
[Date "2023.11.21"]
[Round "8.35"]
[White "Mongoljin, Davaadorj"]
[Black "Huang, Jolie"]
[Result "1-0"]
[ECO "B36"]
[WhiteElo "1077"]
[BlackElo "1680"]
[Annotator "NA RC"]
[PlyCount "101"]
[EventDate "2023.11.13"]
[EventType "swiss"]
[EventCountry "ITA"]
[SourceTitle "playchess.com"]
[Source "ChessBase"]
[SourceQuality "1"]
[TimeControl "40/5400+30:1800+30"]

1. e4 c5 2. Nf3 g6 3. d4 cxd4 4. Nxd4 Nc6 5. c4 Nf6 6. Nc3 d6 7. Be3 Ng4 8. Nxc6 bxc6 9. Qd4 e5 10. Qd2 Nxe3 11. Qxe3 Be7 12. Rd1 Qa5 13. Be2 Be6 14. O-O O-O 15. Kh1 Qb4 16. b3 f5 17. exf5 Bxf5 18. Bf3 Rac8 19. Na4 Qa5 20. Be4 Be6 21. Qg3 Bf5 22. f3 Kh8 23. Qe1 Qc7 24. Qc3 Rf6 25. Qd3 Rcf8 26. Nc3 Be6 27. Qd2 Rd8 28. Qe3 Kg7 29. Rf2 Rdf8 30. Rfd2 Bf5 31. Ne2 h6 32. h3 R6f7 33. f4 exf4 34. Nxf4 Kh7 35. Bxf5 Rxf5 36. Ne6 Bg5 37. Qxg5 Rxg5 38. Nxc7 Re5 39. Rxd6 Re2 40. Rd7+ Kh8 41. Rd8 Rxd8 42. Rxd8+ Kg7 43. Rd7+ Kg8 44. a4 Rb2 45. Rd3 Kf7 46. Na6 Ke7 47. Nb4 c5 48. Nc6+ Ke6 49. Nxa7 Rf2 50. Nb5 Rf8 51. a5 1-0

[Event "FIDE WYCC Girls U14 2023"]
[Site "Montesilvano"]
[Date "2023.11.22"]
[Round "9.1"]
[White "Tsetskhladze, Mariam"]
[Black "Mgeladze, Kesaria"]
[Result "1/2-1/2"]
[ECO "B12"]
[WhiteElo "1911"]
[BlackElo "2065"]
[Annotator "RC"]
[PlyCount "138"]
[EventDate "2023.11.13"]
[EventType "swiss"]
[EventCountry "ITA"]
[SourceTitle "playchess.com"]
[Source "ChessBase"]
[SourceQuality "1"]
[TimeControl "40/5400+30:1800+30"]

1. e4 c6 2. d4 d5 3. e5 Bf5 4. Nd2 e6 5. Nb3 c5 6. dxc5 Bxc5 7. Nxc5 Qa5+ 8. c3 Qxc5 9. Be3 Qc7 10. f4 Nc6 11. Nf3 Nge7 12. Be2 O-O 13. O-O Be4 14. g4 f6 15. exf6 Rxf6 16. Ng5 Bg6 17. Qe1 Raf8 18. Qg3 h6 19. Nf3 Bh7 20. Ne5 Nxe5 21. fxe5 Rxf1+ 22. Rxf1 Rxf1+ 23. Bxf1 Nc6 24. Bc5 Bb1 25. a3 Be4 26. Bd4 Nxd4 27. cxd4 Qc1 28. Qc3 Qd1 29. h3 Kh7 30. Kf2 a5 31. Be2 Qh1 32. Qe3 Qh2+ 33. Ke1 Bg2 34. Qd3+ Kh8 35. Qc3 Be4 36. Kd2 Bg2 37. Ke1 Qh1+ 38. Kd2 Be4 39. Qc8+ Kh7 40. Qxe6 Qb1 41. Qb6 Qc2+ 42. Ke1 Qc1+ 43. Kf2 Qd2 44. Kf1 Qe3 45. e6 Qg3 46. Bb5 Qxh3+ 47. Ke1 Qe3+ 48. Kd1 Qg1+ 49. Kd2 Qf2+ 50. Be2 Qf4+ 51. Kd1 Qf6 52. Ke1 Qe7 53. Qxa5 Qxe6 54. Qc3 Qf6 55. Kd2 Qh4 56. Qe3 Qh2 57. Qc3 Bg6 58. Qf3 Be4 59. Qc3 Bg2 60. Qd3+ Be4 61. Qc3 Bg6 62. Qf3 Qd6 63. Bd3 Bxd3 64. Qxd3+ Kg8 65. Qf3 Qc6 66. Qf5 Qc4 67. Qe6+ Kh8 68. Qe8+ Kh7 69. Qe5 Qb3 1/2-1/2

[Event "FIDE WYCC Girls U14 2023"]
[Site "Montesilvano"]
[Date "2023.11.22"]
[Round "9.2"]
[White "Kaliakhmet, Elnaz"]
[Black "Orazalina, Nursulu"]
[Result "1-0"]
[ECO "E73"]
[WhiteElo "1933"]
[BlackElo "1428"]
[Annotator "NA RC"]
[PlyCount "73"]
[EventDate "2023.11.13"]
[EventType "swiss"]
[EventCountry "ITA"]
[SourceTitle "playchess.com"]
[Source "ChessBase"]
[SourceQuality "1"]
[TimeControl "40/5400+30:1800+30"]

1. d4 Nf6 2. c4 g6 3. Nc3 Bg7 4. e4 d6 5. Be2 O-O 6. Bg5 c5 7. d5 h6 8. Be3 e5 9. g4 b5 10. cxb5 a6 11. bxa6 Bxa6 12. h3 Bxe2 13. Ngxe2 Nfd7 14. Qd2 Kh7 15. h4 Nb6 16. b3 Na6 17. h5 g5 18. Ng3 Nc8 19. O-O f6 20. a3 Ne7 21. Rfb1 Qd7 22. Qe2 Rfc8 23. Bd2 Rcb8 24. b4 cxb4 25. axb4 Nc7 26. Rxa8 Nxa8 27. Be3 Nc8 28. b5 Nab6 29. Na2 Bf8 30. Nb4 Be7 31. Nc6 Ra8 32. Nxe7 Qxe7 33. Qc2 Ra4 34. Bxb6 Nxb6 35. Qc6 Qd8 36. Qb7+ Nd7 37. Rc1 1-0

[Event "FIDE WYCC Girls U14 2023"]
[Site "Montesilvano"]
[Date "2023.11.22"]
[Round "9.3"]
[White "Ciarletta, Iris"]
[Black "Goriachkina, Oksana"]
[Result "1/2-1/2"]
[ECO "B12"]
[WhiteElo "1882"]
[BlackElo "1915"]
[Annotator "NA RC"]
[PlyCount "71"]
[EventDate "2023.11.13"]
[EventType "swiss"]
[EventCountry "ITA"]
[SourceTitle "playchess.com"]
[Source "ChessBase"]
[SourceQuality "1"]
[TimeControl "40/5400+30:1800+30"]

1. e4 c6 2. d4 d5 3. e5 Bf5 4. h4 h5 5. Bd3 Bxd3 6. Qxd3 Qa5+ 7. b4 Qxb4+ 8. Nd2 e6 9. Rb1 Qe7 10. c4 Nh6 11. Ne2 Nf5 12. Ng3 Nxh4 13. Nde4 dxe4 14. Nxe4 Nxg2+ 15. Kf1 Qd7 16. Kxg2 c5 17. d5 Nc6 18. f4 exd5 19. cxd5 Nb4 20. Qf3 b6 21. e6 fxe6 22. dxe6 Qxe6 23. Nd6+ Qxd6 24. Qxa8+ Kf7 25. Qe4 Be7 26. Re1 h4 27. Rb3 Rd8 28. Rf3 Bf6 29. f5 Qd5 30. Qg4 Nd3 31. Re6 Ne5 32. Qh5+ Kf8 33. Qh8+ Kf7 34. Qh5+ Kf8 35. Qh8+ Kf7 36. Qh5+ 1/2-1/2

[Event "FIDE WYCC Girls U14 2023"]
[Site "Montesilvano"]
[Date "2023.11.22"]
[Round "9.4"]
[White "Khulan, Bayarsaikhan"]
[Black "Nurgaliyeva, Zarina"]
[Result "0-1"]
[ECO "A13"]
[WhiteElo "1615"]
[BlackElo "2104"]
[Annotator "NA COMBH"]
[PlyCount "74"]
[EventDate "2023.11.13"]
[EventType "swiss"]
[EventCountry "ITA"]
[SourceTitle "playchess.com"]
[Source "ChessBase"]
[SourceQuality "1"]
[TimeControl "40/5400+30:1800+30"]

1. Nf3 d5 2. c4 e6 3. g3 Nf6 4. Bg2 dxc4 5. Qa4+ c6 6. Qxc4 b5 7. Qc2 Bb7 8. Nc3 a6 9. d4 c5 10. dxc5 Bxc5 11. O-O Nbd7 12. Bg5 Qb6 13. Bxf6 Nxf6 14. e3 O-O 15. Ng5 Bxg2 16. Kxg2 Be7 17. Nf3 Rac8 18. Qb3 Qb7 19. Qd1 Rfd8 20. Qe2 b4 21. Na4 Qb5 22. Nd4 Qxa4 23. b3 Qa5 24. Rac1 Qb6 25. Qf3 Nd5 26. Rc4 Rxc4 27. bxc4 Nf6 28. Nc6 Re8 29. Rd1 Bf8 30. Ne5 Rc8 31. Qf4 Bd6 32. e4 Qc7 33. Rxd6 Qxd6 34. g4 Rc5 35. g5 Qxe5 36. Qxe5 Rxe5 37. gxf6 Rxe4 0-1